 Dungeon Crawl Stone Soup version 0.19-a0-1821-g42c593c (webtiles) character file.

81 xeno23 the Grasshopper (level 4, -1/30 HPs)
             Began as a Halfling Warper on Oct 6, 2016.
             Slain by a bullfrog (4 damage)
             ... in a sewer.
             The game lasted 00:24:52 (3309 turns).

xeno23 the Grasshopper (Halfling Warper)            Turns: 3309, Time: 00:24:52

Health: -1/30      AC:  3    Str: 17    XL:     4   Next: 68%
Magic:  6/6        EV: 15    Int: 11    God:
Gold:   90         SH:  0    Dex: 14    Spells: 2 memorised, 1 level left

rFire  . . .     SeeInvis .     a - +0 falchion
rCold  . . .     Gourm    .     l - +1 robe {MR+}
rNeg   . . .     Faith    .     (shield restricted)
rPois  .         Spirit   .     (no helmet)
rElec  .         Dismiss  .     (no cloak)
rCorr  +         Reflect  .     (no gloves)
MR     +....     Harm     .     (no boots)
Stlth  +.........               (no amulet)
                                (no ring)
                                e - ring of resist corrosion

@: mighty
A: mutation resistance 1
a: no special abilities


You were in a sewer.
You were near starving.

You visited 1 branch of the dungeon, and saw 4 of its levels.
You also visited: Sewer.

You collected 90 gold pieces.

Inventory:

Hand Weapons
 a - a +0 falchion (weapon)
 j - a +0 hunting sling
Missiles
 n - 112 stones (quivered)
Armour
 l - a +1 robe of magic resistance (worn)
Jewellery
 e - a ring of resist corrosion (left hand)
Wands
 m - a wand of heal wounds (1/9)
Scrolls
 b - a scroll of remove curse
Potions
 g - a potion of invisibility {unknown}
 h - a potion of curing {unknown}
 i - a potion of resistance {unknown}
Books
 c - a book of Spatial Translocations

   Spells                             Type                      Level
   a - Blink                          Translocation                2
   b - Shroud of Golubria             Charms/Translocation         2
   c - Lesser Beckoning               Translocation                3
   d - Portal Projectile              Translocation                3
   e - Teleport Other                 Translocation                3
   f - Passage of Golubria            Translocation                4


   Skills:
 + Level 2.4 Fighting
 * Level 3.0 Long Blades
 * Level 1.5(1.9) Slings
 - Level 1.0(1.2) Throwing
 - Level 1.1 Armour
 + Level 3.1 Dodging
 - Level 1.5 Spellcasting
 + Level 3.6 Translocations


You had one spell level left.
You knew the following spells:

 Your Spells              Type           Power        Failure   Level  Hunger
a - Portal Projectile     Tloc           #.....       21%         3    ####...
s - Shroud of Golubria    Chrm/Tloc      #.........   24%         2    ###....


Dungeon Overview and Level Annotations

Branches:
Dungeon (4/15)
 Temple: D:4-7

Altars:
Gozag
Vehumet

Annotations:
D:1 exclusion: jackal


Innate Abilities, Weirdness & Mutations

You are small and have problems with some larger weapons.
You are somewhat resistant to further mutation.


Message History

The bullfrog gives a loud, deep croak!
Evoke which item? (* to show all) (? for menu, Esc to quit)
Okay, then.
Drop what? 12/52 slots (_ for help) (? for menu, Esc to quit)
Okay, then.
You feel very mighty all of a sudden. The bullfrog hits you!
You take 7 damage.
You hit the bullfrog.
The bullfrog is lightly wounded.
The bullfrog completely misses you.
You riposte.
You barely miss the bullfrog.
The bullfrog is lightly wounded.
The bullfrog hits you!
You take 7 damage.
You closely miss the bullfrog.
The bullfrog is lightly wounded.
The bullfrog hits you!
* * * LOW HITPOINT WARNING * * *
The bullfrog hits you.
You die...

#.≈≈≈≈(.≈≈≈≈≈≈≈≈≈≈.≈≈.≈#
#.≈≈≈.≈(((≈≈≈≈########.#
#.≈≈≈.≈≈≈≈≈≈≈≈≈## #≈#
#.≈≈≈≈≈≈≈≈≈≈≈≈≈≈# #.#
#.≈≈≈≈≈≈≈≈≈≈≈≈≈≈## #≈#
#.≈≈≈≈≈≈≈≈≈≈≈.≈≈≈# #≈#
#.≈≈≈≈≈≈≈≈≈≈≈.∩≈≈# #≈#
#.≈≈≈≈≈≈≈...≈..≈≈# #≈#
#.≈≈≈≈≈≈≈.@F.≈≈≈≈≈# #.#
### #.≈≈≈≈≈≈≈≈≈F≈≈≈≈≈≈#
#.# #.#
#.≈≈≈≈≈≈≈≈≈!.≈≈≈≈≈# #.#
#∩# #.≈≈≈≈≈≈≈≈?:?.≈≈≈≈
#.# #.#
#.≈≈≈≈≈≈≈≈≈[.≈≈≈≈≈ #.#
#∩# #.≈≈≈.≈≈≈≈≈.≈.≈≈≈≈
#.# #.#
#.≈≈≈.≈≈≈≈≈≈.≈≈≈≈# #.#
#.# #.≈≈≈.≈≈≈≈≈≈≈≈≈≈≈#
#.#
##≈###.≈≈≈.≈≈≈≈≈≈≈≈≈≈
#.#


You could see 2 bullfrogs.

Vanquished Creatures
  4 adders (Sewer)
  An ooze (D:1)
  A dart slug (D:1)
  3 leopard geckos (Sewer)
  A bat (D:1)
  7 giant cockroaches
  3 goblins
  2 hobgoblins
  7 kobolds
  A ball python (Sewer)
  5 frilled lizards (Sewer)
35 creatures vanquished.

Notes
Turn   | Place    | Note
-------+----------+-------------------------------------------
     0 | D:1      | xeno23 the Halfling Warper began the quest for the Orb.
     0 | D:1      | Reached XP level 1. HP: 14/14 MP: 3/3
   346 | D:1      | Reached XP level 2. HP: 19/19 MP: 4/4
   539 | D:1      | Learned a level 2 spell: Shroud of Golubria
  1772 | D:2      | Reached XP level 3. HP: 8/24 MP: 0/5
  2048 | D:2      | You fall through a shaft for 2 floors!
  2058 | D:3      | Found an opulent altar of Gozag.
  2086 | D:3      | Found a radiant altar of Vehumet.
  2154 | D:3      | Learned a level 3 spell: Portal Projectile
  2221 | D:3      | Found a glowing drain.
  2538 | Sewer    | Entered a sewer
  2777 | Sewer    | Reached skill level 1 in Slings
  2777 | Sewer    | Reached XP level 4. HP: 15/29 MP: 1/6
  3305 | Sewer    | Noticed a bullfrog
  3306 | Sewer    | Noticed a bullfrog
  3309 | Sewer    | Slain by a bullfrog

Vault maps used:
D:1:      mrwooster_arrival_arrow
D:3:      grunt_temple_overflow_open, portal_sewer_entry_b, first_bread,
          serial_bayou_ford_a
Sewer:    sewer_frog_island_01

Skill      XL: |  1  2  3  4 |
---------------+-------------+-----
Fighting       | 2 |  2.4
Slings         | 1 |  1.5
Dodging        | 3 |  3.1
Long Blades    | 3 |  3.0
Throwing       | |  1.0
Armour         | |  1.1
Spellcasting   | |  1.5
Translocations | |  3.6

Action                   |  1- 3 |  4- 6 || total
-------------------------+-------+-------++-------
Melee: Dagger            |   198 |       ||   198
       Falchion          |    40 |    28 ||    68
 Fire: Hunting sling     |    43 |       ||    43
Throw: Tomahawk          |     5 |       ||     5
       Stone             |     7 |    14 ||    21
 Cast: Shroud of Golubri |    17 |     2 ||    19
Evoke: Wand              |     1 |       ||     1
  Use: Scroll            |     3 |       ||     3
       Potion            |     2 |     1 ||     3
  Eat: Chunk             |     1 |     1 ||     2
       Royal jelly       |     1 |       ||     1
       Bread ration      |     1 |       ||     1
Armor: Leather armour    |    41 |       ||    41
       Robe              |    12 |     3 ||    15
       Skin              |    10 |     5 ||    15
Dodge: Dodged            |   223 |    26 ||   249
       Rpst.: Falchion   |    14 |     9 ||    23
